Map: Szmaragdowe Miasto ER

Players

Kelalan

  • Race: Terran Terran
  • Spawn Location: 11:00

Moss

  • Race: Terran Terran
  • Spawn Location: 11:00

Esharell - Winner!

  • Race: Zerg Zerg
  • League: Platinum
  • Spawn Location: 5:00

Legol - Winner!

  • Race: Protoss Protoss
  • League: Platinum
  • Spawn Location: 5:00

VOD

Have the link to the VOD?

Description

Time

  • Played on: Jan. 9, 2020, 3:34 p.m.
  • Length: 17:55
Show
View Real Time Build Order
Export as new Build Order

Kelalan Terran 

Build Orders: Gas First Reaper Expand 

Get SALT Encoding   

  12  0:00  SCV  
  13  0:13  SCV  
  14  0:17  Supply Depot  
  14  0:25  SCV  
  15  0:33  Refinery  
  15  0:39  SCV  
  16  0:45  Barracks  
  16  0:51  SCV  
  17  1:03  SCV  
  18  1:15  SCV  
  19  1:32  Reaper  
  20  1:37  Orbital Command  
  20  1:45  Command Center  
  20  1:56  Barracks  
  20  2:03  SCV  
  20  2:08  Supply Depot  
  21  2:19  SCV  
  21  2:20  Barracks Reactor  
  21  2:22  Refinery  
  22  2:31  SCV  
  22  2:36  Factory  
  22  2:43  SCV, Barracks Tech Lab  
  23  2:55  SCV  
  23  2:57  Orbital Command  
  24  3:01  Stimpack  
  24  3:04  Marine  
  25  3:08  SCV, Marine  
  25  3:10  Marine  
  28  3:22  Factory Tech Lab, Starport  
  28  3:24  SCV  
  29  3:27  SCV  
  29  3:30  Marine  
  29  3:31  Marine  
  32  3:36  SCV  
  32  3:41  Siege Tank  
  36  3:43  Marine  
  36  3:47  SCV, Marine  
  39  3:48  SCV  
  39  3:49  Marine  
  41  3:58  Starport Reactor  
  41  3:59  SCV  
  41  4:00  SCV, Marine  
  41  4:02  Supply Depot  
  44  4:08  Supply Depot  
  44  4:09  Marine  
  45  4:11  Marine  
  46  4:18  SCV  
  46  4:19  Siege Tank  
  46  4:20  SCV  
  52  4:26  Supply Depot  
  52  4:30  SCV  
  52  4:32  Supply Depot  
  52  4:34  Medivac  
  52  4:36  SCV  
  55  4:40  Refinery  
  55  4:43  Refinery  
  55  4:47  Medivac  
  55  4:52  Supply Depot  
  57  4:54  Marine x2  
  57  4:55  Marine  
  59  5:12  Marine x2  
  60  5:15  Siege Tank  
  60  5:21  Medivac  
  65  5:22  Marine  
  65  5:25  Supply Depot  
  66  5:30  Supply Depot, Marine x2  
  66  5:31  Medivac  
  70  5:40  Marine  
  69  5:48  Marine x2  
  71  5:52  Barracks, SCV  
  71  5:53  SCV  
  71  5:55  Barracks  
  73  5:57  Marine  
  73  5:59  Liberator x2  
  74  6:05  SCV  
  75  6:15  Siege Tank  
  75  6:17  Marine x3  
  66  6:48  Marine x3  
  66  6:52  Barracks Reactor  
  66  6:53  Barracks Reactor  
  65  7:05  Marine x2  
  65  7:06  Marine  
  64  7:23  Marine x3  
  67  7:31  Barracks  
  67  7:34  SCV x2  
  67  7:36  Barracks  
  66  7:41  Marine x3  
  66  7:43  Siege Tank  
  66  7:44  Medivac x2  
  73  7:46  SCV x2  
  73  7:58  SCV  
  73  7:59  SCV, Marine x3  
  73  8:00  Engineering Bay  
  73  8:01  Marine x4  
  73  8:04  Engineering Bay  
  82  8:10  SCV  
  83  8:17  Marine x3  
  83  8:19  Marine x3  
  88  8:32  Supply Depot  
  88  8:34  Supply Depot, Marine x4  
  90  8:35  Marine x2  
  90  8:37  Supply Depot  
  93  8:47  Marine x3  
  88  8:50  Siege Tank  
  88  8:51  Marine  
  92  8:59  Marine  
  92  9:00  Marine x2  
  96  9:07  Barracks Tech Lab  
  96  9:08  Barracks Reactor  
  94  9:15  Terran Infantry Weapons Level 1, Terran Infantry Armor Level 1  
  91  9:17  Armory  
  91  9:19  Marine x5  
  96  9:26  Siege Tank  
  96  9:27  Medivac x2  
  96  9:28  Marine x3  
  106  9:32  Supply Depot  
  106  9:37  Marine x4  
  110  9:46  Marine  
  81  10:02  Marine  
  81  10:03  Marine x6  
  81  10:04  Marine x2  
  72  10:12  Marine  
  71  10:20  Marine x2  
  71  10:21  Marine x7  
  74  10:29  Siege Tank  
  74  10:30  Marine  
  78  10:38  Marine x3, Terran Vehicle Weapons Level 1  
  78  10:39  Marine x4  
  78  10:41  Marine x2  
  87  10:47  Combat Shield  
  87  10:48  Marine  
  88  10:54  Medivac x2  
  88  10:56  Marine x4  
  88  10:57  Marine  
  96  11:01  Siege Tank  
  100  11:06  Liberator  
  100  11:07  Liberator, Marine  
  101  11:12  Command Center  
  101  11:15  Marine x3  
  101  11:16  Marine  
  105  11:21  Terran Infantry Weapons Level 2  
  105  11:24  Terran Infantry Armor Level 2  
  111  11:26  Marine  
  112  11:44  Missile Turret x2  
  112  11:47  Marine x3  
  112  11:48  Marine x5  
  112  11:49  Missile Turret  
  112  11:53  Liberator x2  
  120  11:54  Missile Turret  
  125  12:16  Marine x3  
  125  12:36  Liberator  
  109  12:43  Marine x4  
  109  12:44  Marine x2  
  91  12:46  Marine  
  91  12:47  Marine x3  
  92  13:01  Marine x5  
  92  13:02  Marine  
  92  13:04  Marine x3  
  92  13:05  Marine  
  89  13:19  Marine x4  
  92  13:25  Marine  
  92  13:26  Marine x5  
  75  13:35  Medivac  
  75  13:36  Medivac  
  79  13:49  Marine x4  
  79  13:50  Marine  
  84  14:05  Missile Turret  
  84  14:12  Orbital Command  
  84  14:26  Marine  
  84  14:27  Marine x4  
  89  14:36  Liberator x2  
  80  14:47  Marine x6  
  80  14:48  Marine  
  80  14:49  Terran Infantry Armor Level 3, Terran Infantry Weapons Level 3, Terran Vehicle Weapons Level 2  
  80  14:52  Siege Tank  
  90  14:54  Marine x3  
  96  15:05  Marine  
  89  15:10  Marine x6  
  89  15:12  Marine x3  
  94  15:22  Marine  
  94  15:24  Siege Tank  
  94  15:27  Marine x2  
  94  15:28  Marine  
  93  15:30  Marine x2  
  93  15:31  Marine x4  
  94  15:36  Medivac x2  
  94  15:40  Marine  
  80  15:45  Marine x3  
  80  15:48  Marine x3  
  77  15:50  Marine x3  
  79  15:58  Marine  
  79  16:03  Marine  
  81  16:09  Liberator x2, Marine  
  81  16:10  Marine x4  
  82  16:19  Marine x3  
  82  16:20  Marine  
  82  16:23  Marine  
  84  16:27  Marine x2  
  84  16:31  Marine x2  
  84  16:32  Marine  
  95  16:56  Marine x5  
  95  16:57  Marine x5  
  105  17:03  Orbital Command  
  105  17:12  Command Center  
  105  17:14  Marine x6  
Show
View Real Time Build Order
Export as new Build Order

Moss Terran 

Build Orders:  

Get SALT Encoding   

  12  0:01  SCV  
  13  0:15  Supply Depot  
  13  0:23  Refinery  
  13  0:25  SCV  
  14  0:40  Barracks  
  14  0:45  SCV  
  15  0:59  Barracks  
  15  1:03  SCV  
  16  1:16  SCV  
  17  1:29  Marine  
  17  1:30  Orbital Command  
  18  1:49  Marine  
  19  2:10  Command Center  
  19  2:14  Barracks Tech Lab  
  19  2:16  Marine  
  19  2:22  SCV  
  21  2:28  Refinery  
  21  2:32  Supply Depot  
  21  2:34  Marine  
  22  2:37  Stimpack  
  22  2:39  Marine  
  23  2:54  SCV  
  23  2:55  Factory  
  24  3:02  Marauder  
  26  3:06  Marine  
  26  3:07  SCV  
  28  3:22  Orbital Command  
  28  3:28  Marauder  
  28  3:29  SCV  
  31  3:46  SCV, Factory Reactor  
  31  3:48  Starport  
  32  3:49  SCV  
  32  3:54  Marine x2  
  35  4:01  Barracks  
  35  4:03  SCV x2  
  37  4:16  Marine  
  38  4:32  Supply Depot  
  38  4:33  Medivac x2  
  38  4:35  Factory Reactor  
  38  4:36  Engineering Bay, Marine  
  43  4:42  Marine  
  44  4:46  SCV x2  
  46  4:53  Refinery  
  46  4:55  Marine x2  
  46  4:58  Combat Shield  
  48  5:00  SCV  
  48  5:01  SCV  
  49  5:15  Medivac  
  51  5:22  SCV x2  
  51  5:23  Refinery  
  51  5:25  Marine  
  54  5:31  Supply Depot  
  54  5:32  Supply Depot  
  54  5:33  Terran Infantry Armor Level 1  
  54  5:38  Missile Turret  
  54  5:52  SCV x2, Medivac, Marine x2  
  54  5:53  Widow Mine  
  54  5:54  Widow Mine  
  54  5:55  Medivac  
  66  6:04  Missile Turret, SCV x2  
  68  6:19  SCV x2  
  70  6:36  Concussive Shells  
  70  6:38  Barracks Reactor  
  70  6:40  Supply Depot  
  70  6:44  Supply Depot  
  70  6:49  Medivac  
  69  7:01  SCV  
  69  7:02  SCV, Marauder, Widow Mine x2  
  69  7:06  Medivac  
  69  7:07  Supply Depot  
  72  7:17  Orbital Command  
  70  7:33  Medivac  
  68  7:41  Marine x2  
  68  7:43  Marine  
  69  7:57  Marauder, Widow Mine x2, Medivac  
  77  8:01  Terran Infantry Weapons Level 1  
  77  8:02  SCV  
  77  8:03  SCV  
  79  8:07  Command Center  
  79  8:10  Barracks  
  79  8:15  Barracks  
  79  8:16  Barracks  
  79  8:20  Supply Depot  
  79  8:28  Widow Mine x2  
  83  8:35  Engineering Bay  
  83  8:40  Missile Turret  
  81  8:43  Supply Depot  
  80  9:14  SCV x2  
  80  9:16  Widow Mine x2  
  86  9:18  Marauder  
  86  9:19  Barracks Reactor, Viking x2  
  92  9:31  Missile Turret  
  80  9:51  Missile Turret  
  73  10:11  Marine  
  73  10:12  Marine x3  
  73  10:13  Marauder  
  79  10:26  Viking x2, Widow Mine x2  
  87  10:30  Marine x2  
  87  10:31  Marine x5  
  87  10:34  Marauder  
  96  10:57  Armory  
  96  11:03  SCV  
  97  11:04  SCV  
  97  11:06  Orbital Command  
  97  11:07  Barracks Reactor  
  97  11:08  Barracks Reactor, Marine  
  97  11:09  Marine x3  
  105  11:11  Marauder  
  105  11:12  Barracks Tech Lab  
  105  11:14  Medivac x2, Widow Mine x2  
  105  11:15  SCV  
  113  11:29  SCV x2  
  115  11:39  Orbital Command  
  115  11:46  Terran Infantry Armor Level 2, Terran Infantry Weapons Level 2  
  115  11:56  Viking x2  
  115  11:57  Marine x4  
  115  11:58  Marine x2  
  125  12:05  Supply Depot  
  125  12:06  Supply Depot  
  125  12:07  Supply Depot  
  125  12:09  Supply Depot  
  125  12:22  SCV x2, Marine x3  
  80  12:59  Marine x4  
  80  13:00  Marine x6  
  67  13:18  Marauder  
  67  13:19  Marauder  
  66  13:23  Marine x5  
  66  13:24  Marine x2  
  67  13:31  Medivac, Widow Mine  
  67  13:32  Medivac, Widow Mine  
  75  13:38  Marine  
  75  13:40  Marauder x2  
  80  13:51  Marine x6  
  80  13:52  Marine  
  80  13:54  Widow Mine x2  
  91  14:00  Terran Vehicle Weapons Level 1  
  91  14:01  Marauder x2  
  95  14:04  Medivac  
  95  14:05  Medivac  
  95  14:07  Terran Infantry Armor Level 3, Terran Infantry Weapons Level 3  
  99  14:16  Marine x7  
  99  14:17  Marine  
  106  14:23  Marauder x2  
  111  14:27  Widow Mine x2  
  115  14:33  Marine  
  111  14:46  Marauder x2  
  115  14:53  Marine x5  
  115  14:54  Marine x3  
  115  14:56  Widow Mine x2  
  115  14:58  Viking x2  
  124  15:07  Marauder, Marine  
  123  15:21  Marine x6  
  92  15:22  Marine x2  
  92  15:26  Marauder  
  131  15:28  Viking, Marauder  
  71  15:42  Orbital Command  
  59  15:44  Marine x5  
  59  15:47  Marauder  
  60  15:50  Marauder  
  60  15:56  Marine x2  
  64  15:58  Viking  
  66  16:08  Viking, Marauder  
  72  16:11  Marauder  
  68  16:29  Viking  
  68  16:31  SCV  
  68  16:32  SCV  
  72  16:46  Marauder x2, Marine x2  
  72  16:47  Marine x2  
  80  17:02  Viking x2  
  80  17:03  Widow Mine x2  
  80  17:04  Marine x3  
  80  17:06  Marine  
  80  17:07  Marauder, Marine x2  
  96  17:14  Orbital Command  
Show
View Real Time Build Order
Export as new Build Order

Esharell Zerg - Winner!

Build Orders: Pool First, Muta Ling Bane 

Get SALT Encoding   

  12  0:01  Drone  
  13  0:12  Overlord  
  13  0:17  Drone  
  14  0:31  Drone x2  
  14  0:35  Drone  
  17  0:49  Spawning Pool  
  16  0:50  Drone  
  17  0:57  Drone  
  18  1:04  Extractor  
  18  1:07  Drone  
  18  1:21  Drone  
  18  1:22  Hatchery  
  18  1:29  Drone  
  19  1:39  Queen, Overlord  
  21  1:50  Zergling x2  
  22  2:02  Drone  
  23  2:11  Drone  
  24  2:25  Drone  
  24  2:27  Queen  
  27  2:32  Metabolic Boost  
  27  2:35  Drone  
  27  2:36  Drone  
  29  2:38  Queen  
  31  2:55  Drone x3  
  34  3:00  Overlord  
  34  3:01  Drone x2  
  36  3:23  Hatchery  
  36  3:24  Drone x3  
  36  3:25  Drone x2  
  40  3:28  Zergling x2  
  41  3:38  Overlord  
  41  3:43  Zergling x6  
  44  3:52  Lair  
  44  3:53  Spore Crawler  
  43  3:57  Drone x4  
  47  4:05  Queen  
  48  4:20  Drone x2, Extractor  
  48  4:22  Extractor  
  48  4:24  Drone x3  
  48  4:25  Drone, Extractor  
  51  4:33  Overlord x3  
  51  4:37  Drone x4  
  55  4:45  Baneling Nest  
  55  4:49  Drone x3  
  57  4:58  Drone x3  
  57  4:59  Drone x3  
  63  5:08  Drone x2  
  63  5:12  Zergling x2  
  66  5:20  Spine Crawler  
  65  5:26  Spine Crawler  
  64  5:28  Spine Crawler  
  64  5:30  Evolution Chamber  
  64  5:31  Centrifical Hooks  
  64  5:33  Zergling x20  
  64  5:34  Evolution Chamber  
  71  5:37  Spine Crawler  
  70  5:43  Overseer  
  70  5:45  Baneling  
  70  5:46  Baneling x7  
  70  5:49  Zergling x2  
  75  5:50  Zergling x12  
  75  5:56  Baneling  
  77  5:57  Baneling x10  
  77  5:58  Zergling x2  
  77  6:00  Zergling x2  
  79  6:13  Zerg Melee Weapons Level 1, Zerg Ground Armor Level 1  
  79  6:17  Zergling x6  
  82  6:19  Overlord  
  82  6:20  Overlord  
  76  6:43  Zergling x30  
  76  6:44  Zergling x4  
  72  7:02  Baneling x2  
  72  7:03  Baneling x8  
  72  7:04  Zergling x2  
  72  7:05  Zergling x4  
  72  7:07  Zergling x6  
  78  7:16  Zergling x2  
  78  7:17  Zergling x4  
  81  7:23  Zergling x2  
  81  7:24  Zergling x6  
  81  7:26  Zergling x4  
  87  7:36  Zergling x2  
  80  7:37  Zergling x4  
  80  7:44  Drone x5, Extractor  
  85  7:45  Drone, Extractor  
  87  7:51  Drone x2  
  87  7:53  Hatchery  
  87  8:11  Drone x2  
  87  8:12  Drone x6, Spire  
  92  8:47  Zergling x4  
  92  8:48  Zergling x18  
  87  8:57  Zergling x6  
  87  8:58  Overlord  
  85  9:07  Baneling x2  
  85  9:08  Baneling x13  
  85  9:09  Zergling x4  
  85  9:10  Zergling x6  
  87  9:19  Zergling x2  
  87  9:20  Zergling x4  
  87  9:23  Zergling x2  
  87  9:24  Zergling x2  
  92  9:26  Baneling x10  
  92  9:28  Overlord x2  
  92  9:34  Mutalisk  
  94  9:42  Zergling x2  
  78  10:00  Zergling x22  
  78  10:01  Zergling x14  
  89  10:26  Mutalisk x7  
  89  10:27  Mutalisk x2  
  107  10:29  Overlord  
  107  10:34  Baneling x3  
  107  10:35  Baneling x16  
  107  10:38  Zergling x6  
  110  10:51  Hatchery  
  110  10:54  Zergling x22  
  120  11:01  Hatchery  
  120  11:03  Zerg Ground Armor Level 2, Zerg Melee Weapons Level 2  
  119  11:08  Infestation Pit  
  118  11:14  Zergling x4  
  118  11:15  Overlord x2  
  118  11:16  Overlord x3  
  120  11:52  Zergling x16  
  120  11:53  Zergling x28  
  142  12:01  Baneling  
  142  12:02  Baneling x7  
  142  12:04  Overlord  
  142  12:05  Overlord x2  
  76  12:31  Mutalisk x8  
  81  12:39  Baneling x3  
  81  12:45  Zergling x14  
  81  12:46  Zergling x2  
  90  12:51  Zergling x6  
  92  13:01  Zergling x10  
  92  13:02  Zergling x4  
  92  13:04  Baneling  
  92  13:05  Baneling x2  
  99  13:06  Baneling  
  92  13:13  Zergling x2  
  92  13:14  Zergling x8  
  90  13:20  Zergling x8  
  91  13:28  Zergling x10  
  92  13:42  Baneling x11  
  92  13:43  Baneling x5  
  92  13:54  Zergling x4  
  92  13:55  Zergling x10  
  99  13:58  Drone  
  99  13:59  Drone  
  101  14:09  Zergling x2  
  105  14:10  Zergling x14  
  109  14:22  Zergling x2  
  110  14:29  Baneling x10  
  110  14:30  Baneling x17  
  110  14:31  Zergling x2  
  96  14:43  Zergling x2  
  96  14:44  Zergling x16  
  100  14:47  Zergling x2  
  100  14:48  Zergling x4  
  100  14:57  Zergling x14  
  100  14:58  Zergling x2  
  100  15:14  Zergling x22  
  101  15:20  Zergling x8  
  101  15:21  Zergling x2  
  97  15:29  Zergling x8  
  97  15:30  Zergling x6  
  91  15:45  Drone  
  91  15:46  Drone x4  
  89  15:59  Hive  
  89  16:03  Drone x2  
  85  16:28  Zergling x22  
  85  16:29  Zergling x40  
  115  16:44  Mutalisk x2  
  115  16:45  Mutalisk x6  
  131  16:48  Baneling  
  131  16:49  Baneling x11  
  131  16:50  Baneling x2  
  131  16:51  Baneling x2  
  131  16:52  Baneling  
  131  17:04  Mutalisk x4  
  139  17:09  Baneling x6  
  139  17:10  Baneling x11  
Show
View Real Time Build Order
Export as new Build Order

Legol Protoss - Winner!

Build Orders: Blink Stalkers 

Get SALT Encoding   

  12  0:01  Probe  
  13  0:13  Probe  
  14  0:20  Pylon  
  14  0:25  Probe  
  15  0:38  Probe (Chrono Boost)  
  15  0:39  Gateway  
  16  0:49  Probe (Chrono Boost), Assimilator  
  17  0:54  Probe (Chrono Boost)  
  19  1:04  Probe (Chrono Boost)  
  19  1:13  Probe (Chrono Boost)  
  20  1:22  Probe  
  21  1:27  Cybernetics Core  
  21  1:28  Pylon  
  21  1:52  Probe  
  21  1:53  Nexus  
  22  2:03  Stalker  
  22  2:04  Probe  
  25  2:10  Warp Gate  
  25  2:16  Probe  
  25  2:20  Assimilator  
  26  2:28  Probe  
  26  2:40  Probe  
  27  2:46  Stalker  
  29  2:52  Probe  
  29  2:53  Gateway  
  29  2:55  Twilight Council  
  30  3:04  Probe  
  31  3:07  Pylon  
  31  3:08  Probe  
  32  3:16  Probe  
  32  3:18  Stalker  
  35  3:20  Probe  
  36  3:29  Gateway  
  36  3:31  Blink (Chrono Boost)  
  36  3:32  Probe  
  37  3:42  Stalker  
  37  3:45  Probe  
  37  3:46  Probe  
  41  4:03  Probe  
  41  4:04  Probe, Robotics Facility  
  43  4:12  Shield Battery  
  43  4:16  Probe x2 (Chrono Boost)  
  45  4:24  Stalker x3  
  45  4:26  Probe (Chrono Boost)  
  45  4:28  Probe (Chrono Boost)  
  45  4:30  Probe (Chrono Boost)  
  54  4:42  Pylon  
  54  4:44  Pylon  
  54  4:48  Assimilator  
  54  4:51  Pylon, Assimilator  
  54  4:54  Pylon  
  54  5:00  Probe, Warp Prism  
  57  5:16  Stalker  
  57  5:17  Stalker x2  
  63  5:22  Probe x2  
  65  5:31  Robotics Bay  
  65  5:34  Probe  
  66  5:45  Stalker x3  
  72  5:52  Gateway  
  72  5:54  Gateway  
  76  5:57  Immortal  
  76  6:08  Shield Battery  
  76  6:16  Gateway  
  76  6:22  Gateway  
  76  6:25  Stalker x2  
  80  6:27  Pylon  
  80  6:29  Pylon  
  62  6:58  Zealot x2  
  62  6:59  Zealot x3  
  72  7:15  Immortal (Chrono Boost)  
  70  7:19  Stalker  
  70  7:20  Stalker x5  
  84  7:42  Extended Thermal Lance (Chrono Boost)  
  84  7:43  Colossus (Chrono Boost)  
  84  7:51  Robotics Facility  
  82  8:07  Nexus  
  82  8:09  Stalker x2  
  82  8:10  Sentry x3  
  82  8:11  Sentry  
  82  8:12  Assimilator  
  94  8:15  Assimilator  
  94  8:19  Pylon  
  94  8:26  Gateway  
  94  8:29  Gateway  
  94  8:32  Gateway  
  94  8:38  Colossus (Chrono Boost)  
  100  8:51  Zealot x3  
  100  8:52  Zealot  
  106  9:04  Stalker x2  
  110  9:15  Zealot  
  110  9:22  Pylon x2  
  106  9:24  Pylon  
  106  9:31  Colossus  
  88  10:25  Probe (Chrono Boost)  
  91  10:29  Probe x2 (Chrono Boost)  
  91  10:31  Colossus x2 (Chrono Boost)  
  91  10:35  Probe (Chrono Boost)  
  104  10:38  Charge (Chrono Boost)  
  104  10:39  Probe x2 (Chrono Boost)  
  104  10:40  Forge  
  104  10:41  Probe (Chrono Boost)  
  106  10:48  Probe  
  106  10:49  Probe  
  109  10:52  Pylon  
  109  10:53  Probe  
  110  10:58  Zealot x6  
  110  10:59  Zealot x2  
  110  11:01  Probe x2  
  128  11:25  Zealot x3  
  130  11:26  Zealot x4  
  130  11:27  Zealot x2  
  130  11:31  Probe (Chrono Boost)  
  149  11:32  Probe (Chrono Boost)  
  149  11:33  Probe (Chrono Boost)  
  149  11:42  Protoss Ground Weapons Level 1 (Chrono Boost)  
  149  12:16  Templar Archives  
  149  12:23  Nexus  
  149  12:25  Probe  
  149  12:27  Pylon  
  149  12:29  Pylon  
  149  12:30  Pylon  
  149  12:32  Probe x2  
  124  12:37  Probe  
  124  12:44  Probe  
  97  12:46  Stalker  
  97  12:47  Stalker x2  
  77  13:11  Stalker x5  
  77  13:12  Stalker x4  
  89  13:19  Psionic Storm  
  79  13:35  Stalker  
  79  13:36  Stalker x5  
  79  13:37  Stalker x3  
  97  13:45  Colossus x2 (Chrono Boost)  
  109  14:11  High Templar  
  109  14:12  High Templar x6  
  109  14:13  High Templar x2  
  127  14:18  Archon x2  
  127  14:20  Assimilator  
  127  14:23  Assimilator  
  127  14:47  Zealot x3  
  127  14:48  Zealot x6  
  113  15:39  Archon x2  
  97  15:53  High Templar  
  97  15:54  High Templar x8  
  115  15:57  Archon  
  115  15:58  Archon x3  
  109  16:06  Pylon  
  109  16:07  Pylon  
  109  16:09  Pylon  
  109  16:11  Pylon  
  109  16:15  Gateway  
  109  16:18  Gateway  
  109  16:21  Gateway  
  109  16:23  Colossus x2  
  109  16:25  Gateway  
  121  16:46  Zealot x2  
  121  16:47  Zealot x7  
  139  17:07  Zealot x4  
  139  17:08  Zealot x5  
  151  17:11  Nexus  
  151  17:12  Assimilator  
  151  17:13  Pylon  
  151  17:15  Assimilator  
  149  17:16  Pylon  
  149  17:19  Pylon  
  121  17:45  Stalker x3  
  121  17:46  Stalker x5  
  121  17:47  Stalker x5  
Tags
 
Add a new tag
Caveats
  • Supply blocks, unpowered buildings, or Contaminate may cause inaccurate times.
  • Supply counts are checked every 10 seconds.